Avalanche vs Blues

Created - October 24 2010 at 12:23

Goals
1 2 3 T
Avalanche 1 0 1 2
Blues 1 0 2 3
Shots
1 2 3 T
Avalanche 8 12 12 32
Blues 18 4 12 34

Period #1

1. Avalanche , Todd White 2 (T.J. Galiardi, Troy Brouwer) at 4:13
2. Blues , Mike Comrie 2 (Dan Sexton, Dennis Wideman) at 11:19

Penalties :
Carl Gunnarsson (COL) for Interference (Minor) at 4:28, Joe Corvo (COL) for High sticking (Minor) at 8:59, Jay McKee (STL) for Boarding (Minor) at 14:18, Carl Gunnarsson (COL) for Slashing (Minor) at 16:48

Period #2

No Goal

Penalties :
Kyle Quincey (COL) for Hooking (Minor) at 0:23, Robyn Regehr (STL) for Holding (Minor) at 13:58, Vaclav Prospal (COL) for Roughing (Minor) at 13:58, Mike Comrie (STL) for Hooking (Minor) at 16:07

Period #3

3. Blues , Alexander Frolov 2 (Jussi Jokinen, Kristian Huselius) at 0:43
4. Avalanche , Brian Gionta 5 (Tyler Bozak, Wojtek Wolski) at 1:14
5. Blues , Mike Comrie 3 (Dan Sexton, Daymond Langkow) at 1:48

Penalties :
Scott Niedermayer (STL) for Hooking (Minor) at 2:22, Dennis Wideman (STL) for Holding (Minor) at 3:06, Chris Kunitz (STL) for High sticking (Minor) at 10:14, Joe Corvo (COL) for Hooking (Minor) at 11:43, Matthew Lombardi (STL) for Tripping (Minor) at 14:39, Alexander Frolov (STL) for Cross-checking (Minor) at 14:46

Goalie Stats

Steve Mason (COL), 31 saves from 34 shots - (0.912), L, 2-3-0, 59:08 minutes
Jonathan Quick (STL), 30 saves from 32 shots - (0.938), W, 4-3-1, 60:00 minutes

Players Stats

Avalanche
Player Name              G  A  P  +/- PIM S  H  SB FO    MP 
------------------------------------------------------------
Brian Gionta             1  0  1   1  0   3  0  0  0/1   19 
Carl Gunnarsson          0  0  0  -2  4   3  1  0  0/0   21 
Daniel Briere            0  0  0  -2  0   2  0  0  0/0   17 
Joe Corvo                0  0  0  -2  4   1  1  1  0/0   20 
Kevin Klein              0  0  0   0  0   1  1  0  0/0   17 
Kris Versteeg            0  0  0   0  0   0  0  0  2/3   5  
Kyle Quincey             0  0  0   1  2   3  1  1  0/0   24 
Marcel Goc               0  0  0   0  0   0  0  1  2/9   8  
Mike Knuble              0  0  0  -2  0   2  2  1  1/1   17 
Niclas Wallin            0  0  0   0  0   0  2  0  0/0   16 
T.J. Galiardi            0  1  1   0  0   3  0  0  4/6   16 
T.J. Oshie               0  0  0   0  0   0  0  0  0/0   8  
Todd White               1  0  1   0  0   2  0  0  9/18  12 
Troy Brouwer             0  1  1   0  0   3  0  1  0/1   16 
Tyler Bozak              0  1  1   1  0   1  2  0  15/29 19 
Vaclav Prospal           0  0  0  -2  2   2  0  0  15/28 16 
Wade Redden              0  0  0   1  0   1  1  1  0/0   20 
Wojtek Wolski            0  1  1   1  0   5  0  0  1/3   17 
Blues
Player Name              G  A  P  +/- PIM S  H  SB FO    MP 
------------------------------------------------------------
Alexander Frolov         1  0  1   0  2   1  3  1  1/1   19 
Brad Lukowich            0  0  0   2  0   0  0  0  0/0   13 
Brian Pothier            0  0  0  -1  0   1  1  1  0/0   18 
Chris Kunitz             0  0  0  -1  2   3  2  0  0/0   13 
Dan Sexton               0  2  2   2  0   2  1  0  2/2   9  
Daymond Langkow          0  1  1   2  0   2  0  0  10/22 15 
Dennis Wideman           0  1  1   2  2   2  1  1  0/0   24 
Jamie Langenbrunner      0  0  0  -1  0   2  0  0  0/0   22 
Jay McKee                0  0  0   0  2   1  2  3  0/0   17 
Jordin Tootoo            0  0  0   0  0   0  0  0  0/0   1  
Jussi Jokinen            0  1  1   0  0   2  2  0  10/17 17 
Kristian Huselius        0  1  1   0  0   5  0  0  2/2   19 
Matthew Lombardi         0  0  0  -1  2   3  0  0  12/31 16 
Mike Comrie              2  0  2   2  2   5  0  0  0/0   9  
Robyn Regehr             0  0  0   0  2   0  1  2  0/0   21 
Saku Koivu               0  0  0   0  0   2  0  0  13/23 15 
Scott Niedermayer        0  0  0  -1  2   2  0  2  0/0   24 
Todd Bertuzzi            0  0  0   0  0   1  1  0  0/1   10 

3 Stars

1 - Mike Comrie (STL)
2 - Dan Sexton (STL)
3 - Brian Gionta (COL)

Power Play

Avalanche - 0 on 7 Attempt(s) - 0.00%
Blues - 0 on 5 Attempt(s) - 0.00%

Penalty Kill

Avalanche - 5 on 5 Attempt(s) - 100.00% - Score 0 goal in Penalty Kill
Blues - 7 on 7 Attempt(s) - 100.00% - Score 0 goal in Penalty Kill

Game Notes

No Game Note

Finance

Level 1 -- Attendance: 6500 (100.00%) -- Ticket Income $487,500.00
Level 2 -- Attendance: 4657 (93.14%) -- Ticket Income $232,850.00
Level 3 -- Attendance: 3095 (88.43%) -- Ticket Income $92,850.00
Level 4 -- Attendance: 2483 (82.16%) -- Ticket Income $49,660.00
Luxury Box -- Attendance: 992 (99.20%) -- Ticket Income $148,800.00
Game was played at the Scottrade Center
Total Attendance: 17727 (93.19%)
Total Ticket Income: $1,071,168.00
Other Income: $201,938.10
Total Income: $1,273,106.00


Play by Play

Period #1

0:01 of 1st period - Jussi Jokinen wins face-off versus Tyler Bozak in neutral zone.
0:07 of 1st period - Icing by Tyler Bozak.
0:08 of 1st period - Matthew Lombardi wins face-off versus Tyler Bozak in Avalanche zone.
0:08 of 1st period - Jamie Langenbrunner is hit by Kyle Quincey and loses puck.
0:23 of 1st period - Shot by Wojtek Wolski.
0:23 of 1st period - Deflect By Brian Gionta.
0:23 of 1st period - Shot Blocked by Brian Pothier.
0:25 of 1st period - Shot by Tyler Bozak.
0:25 of 1st period - Deflect By Brian Gionta.
0:25 of 1st period - Shot Misses the Net.
0:29 of 1st period - Shot by Wojtek Wolski.
0:29 of 1st period - Stopped by Jonathan Quick without a rebound.
0:30 of 1st period - Vaclav Prospal wins face-off versus Jussi Jokinen in Blues zone.
0:43 of 1st period - Shot by Kristian Huselius.
0:43 of 1st period - Shot Hit the Post.
0:47 of 1st period - Shot by Jussi Jokinen.
0:47 of 1st period - Stopped by Steve Mason with a rebound.
0:51 of 1st period - Shot by Kristian Huselius.
0:51 of 1st period - Stopped by Steve Mason without a rebound.
0:52 of 1st period - Todd White wins face-off versus Saku Koivu in Avalanche zone.
0:56 of 1st period - Troy Brouwer is hit by Todd Bertuzzi.
0:59 of 1st period - Icing by Jay McKee.
1:00 of 1st period - Saku Koivu wins face-off versus Tyler Bozak in Blues zone.
1:28 of 1st period - Shot by Saku Koivu.
1:28 of 1st period - Stopped by Steve Mason with a rebound.
1:30 of 1st period - Shot by Todd Bertuzzi.
1:30 of 1st period - Stopped by Steve Mason with a rebound.
1:49 of 1st period - Tyler Bozak is hit by Dennis Wideman and loses puck.
2:10 of 1st period - Shot by Kristian Huselius.
2:10 of 1st period - Stopped by Steve Mason with a rebound.
2:14 of 1st period - Shot by Jussi Jokinen.
2:14 of 1st period - Shot Misses the Net.
2:18 of 1st period - Shot by Jussi Jokinen.
2:18 of 1st period - Stopped by Steve Mason without a rebound.
2:19 of 1st period - Daymond Langkow wins face-off versus Vaclav Prospal in Avalanche zone.
2:20 of 1st period - Shot by Dennis Wideman.
2:20 of 1st period - Stopped by Steve Mason without a rebound.
2:21 of 1st period - Daymond Langkow wins face-off versus Vaclav Prospal in Avalanche zone.
2:50 of 1st period - Shot by Dan Sexton.
2:50 of 1st period - Stopped by Steve Mason without a rebound.
2:51 of 1st period - Todd White wins face-off versus Matthew Lombardi in Avalanche zone.
2:55 of 1st period - Icing by Troy Brouwer.
2:56 of 1st period - Matthew Lombardi wins face-off versus Todd White in Avalanche zone.
3:07 of 1st period - Shot by T.J. Galiardi.
3:07 of 1st period - Stopped by Jonathan Quick without a rebound.
3:08 of 1st period - Saku Koivu wins face-off versus Kris Versteeg in Blues zone.
3:17 of 1st period - Shot by T.J. Oshie.
3:17 of 1st period - Shot Misses the Net.
3:35 of 1st period - Shot by Kyle Quincey.
3:35 of 1st period - Shot Misses the Net.
3:37 of 1st period - Shot by Kris Versteeg.
3:37 of 1st period - Shot Blocked by Jay McKee.
4:11 of 1st period - Shot by T.J. Galiardi.
4:11 of 1st period - Stopped by Jonathan Quick with a rebound.
4:13 of 1st period - Shot by Todd White.
4:13 of 1st period - Goal by Todd White - Avalanche : 1 - Blues : 0.
4:14 of 1st period - Daymond Langkow wins face-off versus Vaclav Prospal in neutral zone.
4:26 of 1st period - Vaclav Prospal is hit by Dan Sexton and loses puck.
4:28 of 1st period - Minor Penalty to Carl Gunnarsson for Interference.
4:29 of 1st period - Marcel Goc wins face-off versus Matthew Lombardi in Avalanche zone.
5:19 of 1st period - Icing by Dennis Wideman.
5:20 of 1st period - Jussi Jokinen wins face-off versus T.J. Galiardi in Blues zone.
5:39 of 1st period - Shot by Scott Niedermayer.
5:39 of 1st period - Shot Blocked by Troy Brouwer.
5:41 of 1st period - Shot by Dennis Wideman.
5:41 of 1st period - Stopped by Steve Mason without a rebound.
5:42 of 1st period - T.J. Galiardi wins face-off versus Jussi Jokinen in Avalanche zone.
5:51 of 1st period - Shot by Scott Niedermayer.
5:51 of 1st period - Stopped by Steve Mason with a rebound.
5:58 of 1st period - Icing by Scott Niedermayer.
5:59 of 1st period - T.J. Galiardi wins face-off versus Jussi Jokinen in Blues zone.
6:37 of 1st period - Icing by Carl Gunnarsson.
6:38 of 1st period - Vaclav Prospal wins face-off versus Matthew Lombardi in Avalanche zone.
6:57 of 1st period - Brian Pothier is hit by Mike Knuble and loses puck.
7:05 of 1st period - Icing by Brian Pothier.
7:06 of 1st period - Matthew Lombardi wins face-off versus Tyler Bozak in Blues zone.
7:13 of 1st period - Icing by Chris Kunitz.
7:14 of 1st period - Matthew Lombardi wins face-off versus Todd White in Blues zone.
7:47 of 1st period - Shot by Daymond Langkow.
7:47 of 1st period - Stopped by Steve Mason without a rebound.
7:48 of 1st period - Saku Koivu wins face-off versus Wojtek Wolski in Avalanche zone.
7:55 of 1st period - Shot by Jussi Jokinen.
7:55 of 1st period - Shot Blocked by Kyle Quincey.
8:58 of 1st period - Mike Comrie is hit by Joe Corvo and loses puck.
8:59 of 1st period - Minor Penalty to Joe Corvo for High sticking.
9:00 of 1st period - Matthew Lombardi wins face-off versus Marcel Goc in Avalanche zone.
9:15 of 1st period - Shot by Brian Pothier.
9:15 of 1st period - Stopped by Steve Mason without a rebound.
9:16 of 1st period - Matthew Lombardi wins face-off versus Marcel Goc in Avalanche zone.
10:06 of 1st period - Shot by Scott Niedermayer.
10:06 of 1st period - Shot Misses the Net.
11:19 of 1st period - Shot by Dan Sexton.
11:19 of 1st period - Deflect By Mike Comrie.
11:19 of 1st period - Goal by Mike Comrie - Avalanche : 1 - Blues : 1.
11:20 of 1st period - Tyler Bozak wins face-off versus Saku Koivu in neutral zone.
11:41 of 1st period - Shot by Brian Gionta.
11:41 of 1st period - Stopped by Jonathan Quick without a rebound.
11:42 of 1st period - Vaclav Prospal wins face-off versus Daymond Langkow in Blues zone.
11:45 of 1st period - Shot by Daniel Briere.
11:45 of 1st period - Stopped by Jonathan Quick without a rebound.
11:46 of 1st period - Daymond Langkow wins face-off versus Todd White in Blues zone.
11:55 of 1st period - Shot by Mike Comrie.
11:55 of 1st period - Stopped by Steve Mason without a rebound.
11:56 of 1st period - Saku Koivu wins face-off versus Vaclav Prospal in Avalanche zone.
12:26 of 1st period - Off-side.
12:27 of 1st period - Daymond Langkow wins face-off versus Tyler Bozak in neutral zone.
12:27 of 1st period - Dan Sexton is hit by Wade Redden.
13:02 of 1st period - Shot by Daymond Langkow.
13:02 of 1st period - Deflect By Mike Comrie.
13:02 of 1st period - Stopped by Steve Mason without a rebound.
13:03 of 1st period - Alexander Frolov wins face-off versus Todd White in Avalanche zone.
13:11 of 1st period - Alexander Frolov is hit by Kevin Klein and loses puck.
13:22 of 1st period - Shot by T.J. Galiardi.
13:22 of 1st period - Stopped by Jonathan Quick without a rebound.
13:23 of 1st period - Saku Koivu wins face-off versus Vaclav Prospal in Blues zone.
13:23 of 1st period - Jamie Langenbrunner is hit by Mike Knuble and loses puck.
14:18 of 1st period - Minor Penalty to Jay McKee for Boarding.
14:19 of 1st period - Tyler Bozak wins face-off versus Matthew Lombardi in Blues zone.
16:20 of 1st period - Shot by Todd White.
16:20 of 1st period - Shot Misses the Net.
16:24 of 1st period - Shot by Todd White.
16:24 of 1st period - Stopped by Jonathan Quick without a rebound.
16:25 of 1st period - Todd White wins face-off versus Matthew Lombardi in Blues zone.
16:33 of 1st period - Scott Niedermayer is hit by Niclas Wallin and loses puck.
16:40 of 1st period - Shot by Jamie Langenbrunner.
16:40 of 1st period - Stopped by Steve Mason with a rebound.
16:42 of 1st period - Shot by Scott Niedermayer.
16:42 of 1st period - Stopped by Steve Mason without a rebound.
16:43 of 1st period - Dan Sexton wins face-off versus Marcel Goc in Avalanche zone.
16:43 of 1st period - Dan Sexton is hit by Carl Gunnarsson.
16:48 of 1st period - Minor Penalty to Carl Gunnarsson for Slashing.
16:49 of 1st period - Jussi Jokinen wins face-off versus Marcel Goc in Avalanche zone.
18:12 of 1st period - Shot by Chris Kunitz.
18:12 of 1st period - Stopped by Steve Mason without a rebound.
18:13 of 1st period - T.J. Galiardi wins face-off versus Jussi Jokinen in Avalanche zone.
19:48 of 1st period - Icing by Brian Pothier.
19:49 of 1st period - Matthew Lombardi wins face-off versus Todd White in Blues zone.
19:53 of 1st period - Alexander Frolov is hit by Niclas Wallin.

Period #2

0:01 of 2nd period - Kristian Huselius wins face-off versus Tyler Bozak in neutral zone.
0:23 of 2nd period - Minor Penalty to Kyle Quincey for Hooking.
0:24 of 2nd period - Marcel Goc wins face-off versus Matthew Lombardi in Avalanche zone.
0:38 of 2nd period - Off-side.
0:39 of 2nd period - Jussi Jokinen wins face-off versus T.J. Galiardi in neutral zone.
0:42 of 2nd period - T.J. Oshie is hit by Jussi Jokinen and loses puck.
2:33 of 2nd period - Shot by Kyle Quincey.
2:33 of 2nd period - Stopped by Jonathan Quick without a rebound.
2:34 of 2nd period - Matthew Lombardi wins face-off versus Vaclav Prospal in Blues zone.
2:53 of 2nd period - Icing by Robyn Regehr.
2:54 of 2nd period - Matthew Lombardi wins face-off versus Wojtek Wolski in Blues zone.
3:32 of 2nd period - Shot by Wojtek Wolski.
3:32 of 2nd period - Shot Hit the Post.
3:48 of 2nd period - Shot by Brad Lukowich.
3:48 of 2nd period - Shot Misses the Net.
3:50 of 2nd period - Shot by Brad Lukowich.
3:50 of 2nd period - Shot Misses the Net.
3:54 of 2nd period - Shot by Mike Comrie.
3:54 of 2nd period - Stopped by Steve Mason without a rebound.
3:55 of 2nd period - Todd White wins face-off versus Daymond Langkow in Avalanche zone.
4:02 of 2nd period - Shot by Kevin Klein.
4:02 of 2nd period - Stopped by Jonathan Quick without a rebound.
4:03 of 2nd period - Vaclav Prospal wins face-off versus Saku Koivu in Blues zone.
4:13 of 2nd period - Vaclav Prospal is hit by Jay McKee and loses puck.
4:18 of 2nd period - Shot by Daniel Briere.
4:18 of 2nd period - Deflect By Vaclav Prospal.
4:18 of 2nd period - Shot Misses the Net.
4:20 of 2nd period - Shot by Daniel Briere.
4:20 of 2nd period - Shot Blocked by Jay McKee.
5:14 of 2nd period - Icing by Jay McKee.
5:15 of 2nd period - Saku Koivu wins face-off versus Marcel Goc in Blues zone.
5:24 of 2nd period - Icing by T.J. Oshie.
5:25 of 2nd period - Daymond Langkow wins face-off versus Marcel Goc in Avalanche zone.
5:55 of 2nd period - Off-side.
5:56 of 2nd period - Jussi Jokinen wins face-off versus Todd White in neutral zone.
6:05 of 2nd period - Shot by Dennis Wideman.
6:05 of 2nd period - Shot Misses the Net.
6:08 of 2nd period - Icing by Kevin Klein.
6:09 of 2nd period - Todd White wins face-off versus Matthew Lombardi in Avalanche zone.
6:09 of 2nd period - Todd White is hit by Chris Kunitz.
6:17 of 2nd period - Shot by Matthew Lombardi.
6:17 of 2nd period - Shot Misses the Net.
6:21 of 2nd period - Shot by Matthew Lombardi.
6:21 of 2nd period - Stopped by Steve Mason without a rebound.
6:22 of 2nd period - Tyler Bozak wins face-off versus Jussi Jokinen in Avalanche zone.
6:22 of 2nd period - Tyler Bozak is hit by Jussi Jokinen.
6:28 of 2nd period - Jussi Jokinen is hit by Tyler Bozak and loses puck.
6:51 of 2nd period - Shot by Wojtek Wolski.
6:51 of 2nd period - Deflect By Tyler Bozak.
6:51 of 2nd period - Shot Blocked by Robyn Regehr.
6:53 of 2nd period - Shot by Brian Gionta.
6:53 of 2nd period - Deflect By Tyler Bozak.
6:53 of 2nd period - Shot Blocked by Alexander Frolov.
7:44 of 2nd period - Shot by Troy Brouwer.
7:44 of 2nd period - Stopped by Jonathan Quick with a rebound.
8:09 of 2nd period - Off-side.
8:10 of 2nd period - Vaclav Prospal wins face-off versus Saku Koivu in neutral zone.
9:17 of 2nd period - Daymond Langkow is hit by Tyler Bozak and loses puck.
9:25 of 2nd period - Wojtek Wolski is hit by Brian Pothier and loses puck.
9:39 of 2nd period - Off-side.
9:40 of 2nd period - Todd White wins face-off versus Matthew Lombardi in neutral zone.
9:42 of 2nd period - Troy Brouwer is hit by Chris Kunitz and loses puck.
10:32 of 2nd period - Shot by Daymond Langkow.
10:32 of 2nd period - Shot Misses the Net.
10:36 of 2nd period - Shot by Daymond Langkow.
10:36 of 2nd period - Shot Misses the Net.
10:40 of 2nd period - Shot by Saku Koivu.
10:40 of 2nd period - Stopped by Steve Mason without a rebound.
10:41 of 2nd period - Jussi Jokinen wins face-off versus Vaclav Prospal in Avalanche zone.
10:52 of 2nd period - Shot by Vaclav Prospal.
10:52 of 2nd period - Shot Hit the Post.
11:06 of 2nd period - Shot by Jussi Jokinen.
11:06 of 2nd period - Shot Misses the Net.
11:17 of 2nd period - Icing by Joe Corvo.
11:18 of 2nd period - Vaclav Prospal wins face-off versus Daymond Langkow in Avalanche zone.
11:32 of 2nd period - Icing by Vaclav Prospal.
11:33 of 2nd period - Saku Koivu wins face-off versus Vaclav Prospal in Avalanche zone.
11:42 of 2nd period - Icing by Jamie Langenbrunner.
11:43 of 2nd period - Tyler Bozak wins face-off versus Todd Bertuzzi in Blues zone.
11:48 of 2nd period - Shot by Wojtek Wolski.
11:48 of 2nd period - Stopped by Jonathan Quick without a rebound.
11:49 of 2nd period - Tyler Bozak wins face-off versus Daymond Langkow in Blues zone.
13:07 of 2nd period - Icing by Kevin Klein.
13:08 of 2nd period - Todd White wins face-off versus Jussi Jokinen in Avalanche zone.
13:33 of 2nd period - Shot by Kristian Huselius.
13:33 of 2nd period - Shot Misses the Net.
13:58 of 2nd period - Minor Penalty to Robyn Regehr for Holding.
13:58 of 2nd period - Minor Penalty to Vaclav Prospal for Roughing.
13:59 of 2nd period - Mike Knuble wins face-off versus Matthew Lombardi in Blues zone.
14:10 of 2nd period - Shot by Kyle Quincey.
14:10 of 2nd period - Stopped by Jonathan Quick without a rebound.
14:11 of 2nd period - Tyler Bozak wins face-off versus Matthew Lombardi in Blues zone.
14:22 of 2nd period - Shot by Mike Knuble.
14:22 of 2nd period - Shot Misses the Net.
14:26 of 2nd period - Shot by Mike Knuble.
14:26 of 2nd period - Shot Misses the Net.
14:30 of 2nd period - Shot by Tyler Bozak.
14:30 of 2nd period - Stopped by Jonathan Quick without a rebound.
14:31 of 2nd period - Kristian Huselius wins face-off versus Brian Gionta in Blues zone.
15:44 of 2nd period - Shot by Matthew Lombardi.
15:44 of 2nd period - Shot Misses the Net.
15:46 of 2nd period - Shot by Jamie Langenbrunner.
15:46 of 2nd period - Shot Misses the Net.
15:48 of 2nd period - Shot by Jay McKee.
15:48 of 2nd period - Stopped by Steve Mason without a rebound.
15:49 of 2nd period - Kris Versteeg wins face-off versus Matthew Lombardi in Avalanche zone.
16:07 of 2nd period - Minor Penalty to Mike Comrie for Hooking.
16:08 of 2nd period - Vaclav Prospal wins face-off versus Saku Koivu in Blues zone.
16:19 of 2nd period - Shot by Vaclav Prospal.
16:19 of 2nd period - Stopped by Jonathan Quick without a rebound.
16:20 of 2nd period - Saku Koivu wins face-off versus Tyler Bozak in Blues zone.
16:48 of 2nd period - Off-side.
16:49 of 2nd period - Vaclav Prospal wins face-off versus Daymond Langkow in neutral zone.
16:54 of 2nd period - Shot by Joe Corvo.
16:54 of 2nd period - Shot Misses the Net.
16:56 of 2nd period - Shot by Daniel Briere.
16:56 of 2nd period - Stopped by Jonathan Quick without a rebound.
16:57 of 2nd period - Vaclav Prospal wins face-off versus Saku Koivu in Blues zone.
17:06 of 2nd period - Shot by Vaclav Prospal.
17:06 of 2nd period - Shot Misses the Net.
17:10 of 2nd period - Shot by Vaclav Prospal.
17:10 of 2nd period - Shot Misses the Net.
17:12 of 2nd period - Shot by Mike Knuble.
17:12 of 2nd period - Stopped by Jonathan Quick without a rebound.
17:13 of 2nd period - Tyler Bozak wins face-off versus Daymond Langkow in Blues zone.
17:31 of 2nd period - Shot by Tyler Bozak.
17:31 of 2nd period - Shot Misses the Net.
18:07 of 2nd period - Shot by Carl Gunnarsson.
18:07 of 2nd period - Stopped by Jonathan Quick without a rebound.
18:08 of 2nd period - Todd White wins face-off versus Matthew Lombardi in Blues zone.
18:43 of 2nd period - Shot by Todd White.
18:43 of 2nd period - Shot Misses the Net.
18:47 of 2nd period - Shot by Troy Brouwer.
18:47 of 2nd period - Shot Misses the Net.
19:14 of 2nd period - Off-side.
19:15 of 2nd period - Jussi Jokinen wins face-off versus Vaclav Prospal in neutral zone.
19:18 of 2nd period - Daniel Briere is hit by Alexander Frolov and loses puck.
19:27 of 2nd period - Shot by Mike Knuble.
19:27 of 2nd period - Shot Misses the Net.
19:29 of 2nd period - Shot by Carl Gunnarsson.
19:29 of 2nd period - Stopped by Jonathan Quick without a rebound.
19:30 of 2nd period - Dan Sexton wins face-off versus Tyler Bozak in Blues zone.
19:36 of 2nd period - Icing by Brad Lukowich.
19:37 of 2nd period - Tyler Bozak wins face-off versus Daymond Langkow in Blues zone.
19:46 of 2nd period - Shot by Brian Gionta.
19:46 of 2nd period - Shot Misses the Net.
19:50 of 2nd period - Shot by Wojtek Wolski.
19:50 of 2nd period - Stopped by Jonathan Quick with a rebound.
19:52 of 2nd period - Shot by Tyler Bozak.
19:52 of 2nd period - Shot Misses the Net.

Period #3

0:01 of 3rd period - Jussi Jokinen wins face-off versus Tyler Bozak in neutral zone.
0:04 of 3rd period - Shot by Kristian Huselius.
0:04 of 3rd period - Shot Blocked by Wade Redden.
0:10 of 3rd period - Shot by Kristian Huselius.
0:10 of 3rd period - Stopped by Steve Mason without a rebound.
0:11 of 3rd period - Vaclav Prospal wins face-off versus Matthew Lombardi in Avalanche zone.
0:22 of 3rd period - Icing by Mike Knuble.
0:23 of 3rd period - Vaclav Prospal wins face-off versus Jussi Jokinen in Avalanche zone.
0:23 of 3rd period - Vaclav Prospal is hit by Alexander Frolov.
0:43 of 3rd period - Shot by Jussi Jokinen.
0:43 of 3rd period - Deflect By Alexander Frolov.
0:43 of 3rd period - Goal by Alexander Frolov - Avalanche : 1 - Blues : 2.
0:44 of 3rd period - Tyler Bozak wins face-off versus Matthew Lombardi in neutral zone.
1:14 of 3rd period - Shot by Brian Gionta.
1:14 of 3rd period - Goal by Brian Gionta - Avalanche : 2 - Blues : 2.
1:15 of 3rd period - Daymond Langkow wins face-off versus Todd White in neutral zone.
1:18 of 3rd period - Shot by Dan Sexton.
1:18 of 3rd period - Stopped by Steve Mason with a rebound.
1:48 of 3rd period - Shot by Mike Comrie.
1:48 of 3rd period - Goal by Mike Comrie - Avalanche : 2 - Blues : 3.
1:49 of 3rd period - Saku Koivu wins face-off versus Vaclav Prospal in neutral zone.
2:22 of 3rd period - Minor Penalty to Scott Niedermayer for Hooking.
2:23 of 3rd period - Saku Koivu wins face-off versus Tyler Bozak in Blues zone.
2:53 of 3rd period - Shot by Brian Gionta.
2:53 of 3rd period - Stopped by Jonathan Quick without a rebound.
2:54 of 3rd period - Vaclav Prospal wins face-off versus Daymond Langkow in Blues zone.
3:06 of 3rd period - Minor Penalty to Dennis Wideman for Holding.
3:07 of 3rd period - Wojtek Wolski wins face-off versus Saku Koivu in Blues zone.
3:08 of 3rd period - Shot by Tyler Bozak.
3:08 of 3rd period - Shot Misses the Net.
3:20 of 3rd period - Shot by Kyle Quincey.
3:20 of 3rd period - Shot Misses the Net.
3:24 of 3rd period - Shot by Tyler Bozak.
3:24 of 3rd period - Shot Blocked by Robyn Regehr.
3:26 of 3rd period - Shot by Wade Redden.
3:26 of 3rd period - Stopped by Jonathan Quick without a rebound.
3:27 of 3rd period - Daymond Langkow wins face-off versus Vaclav Prospal in Blues zone.
3:53 of 3rd period - Shot by Carl Gunnarsson.
3:53 of 3rd period - Shot Misses the Net.
3:55 of 3rd period - Shot by Carl Gunnarsson.
3:55 of 3rd period - Stopped by Jonathan Quick without a rebound.
3:56 of 3rd period - Daymond Langkow wins face-off versus Tyler Bozak in Blues zone.
4:55 of 3rd period - Shot by Mike Knuble.
4:55 of 3rd period - Shot Misses the Net.
4:57 of 3rd period - Shot by Joe Corvo.
4:57 of 3rd period - Stopped by Jonathan Quick without a rebound.
4:58 of 3rd period - Tyler Bozak wins face-off versus Daymond Langkow in Blues zone.
5:09 of 3rd period - Shot by Troy Brouwer.
5:09 of 3rd period - Stopped by Jonathan Quick without a rebound.
5:10 of 3rd period - Todd White wins face-off versus Matthew Lombardi in Blues zone.
5:17 of 3rd period - Shot by Todd White.
5:17 of 3rd period - Shot Misses the Net.
5:29 of 3rd period - Shot by Chris Kunitz.
5:29 of 3rd period - Stopped by Steve Mason with a rebound.
5:33 of 3rd period - Shot by Matthew Lombardi.
5:33 of 3rd period - Stopped by Steve Mason with a rebound.
7:03 of 3rd period - Shot by Mike Comrie.
7:03 of 3rd period - Deflect By Dan Sexton.
7:03 of 3rd period - Shot Blocked by Marcel Goc.
7:07 of 3rd period - Shot by Daymond Langkow.
7:07 of 3rd period - Stopped by Steve Mason without a rebound.
7:08 of 3rd period - Tyler Bozak wins face-off versus Saku Koivu in Avalanche zone.
7:12 of 3rd period - Off-side.
7:13 of 3rd period - Tyler Bozak wins face-off versus Matthew Lombardi in neutral zone.
7:22 of 3rd period - Shot by Chris Kunitz.
7:22 of 3rd period - Shot Blocked by Joe Corvo.
7:26 of 3rd period - Shot by Jamie Langenbrunner.
7:26 of 3rd period - Shot Misses the Net.
7:28 of 3rd period - Shot by Jamie Langenbrunner.
7:28 of 3rd period - Stopped by Steve Mason without a rebound.
7:29 of 3rd period - Saku Koivu wins face-off versus Todd White in Avalanche zone.
7:58 of 3rd period - Shot by Todd White.
7:58 of 3rd period - Shot Blocked by Scott Niedermayer.
8:00 of 3rd period - Shot by T.J. Galiardi.
8:00 of 3rd period - Shot Misses the Net.
8:02 of 3rd period - Shot by Troy Brouwer.
8:02 of 3rd period - Shot Blocked by Scott Niedermayer.
8:04 of 3rd period - Shot by Troy Brouwer.
8:04 of 3rd period - Shot Blocked by Jay McKee.
8:06 of 3rd period - Shot by T.J. Galiardi.
8:06 of 3rd period - Shot Misses the Net.
9:17 of 3rd period - Off-side.
9:18 of 3rd period - Vaclav Prospal wins face-off versus Daymond Langkow in neutral zone.
9:54 of 3rd period - Shot by Vaclav Prospal.
9:54 of 3rd period - Shot Blocked by Dennis Wideman.
9:56 of 3rd period - Shot by Vaclav Prospal.
9:56 of 3rd period - Stopped by Jonathan Quick without a rebound.
9:57 of 3rd period - Matthew Lombardi wins face-off versus Troy Brouwer in Blues zone.
10:14 of 3rd period - Minor Penalty to Chris Kunitz for High sticking.
10:15 of 3rd period - Saku Koivu wins face-off versus Vaclav Prospal in Blues zone.
10:31 of 3rd period - Vaclav Prospal is hit by Robyn Regehr.
11:43 of 3rd period - Minor Penalty to Joe Corvo for Hooking.
11:44 of 3rd period - Matthew Lombardi wins face-off versus Tyler Bozak in Avalanche zone.
11:59 of 3rd period - Shot by Matthew Lombardi.
11:59 of 3rd period - Shot Misses the Net.
12:56 of 3rd period - Wade Redden is hit by Alexander Frolov.
13:15 of 3rd period - Off-side.
13:16 of 3rd period - T.J. Galiardi wins face-off versus Matthew Lombardi in neutral zone.
13:33 of 3rd period - Shot by Jamie Langenbrunner.
13:33 of 3rd period - Shot Misses the Net.
13:35 of 3rd period - Shot by Matthew Lombardi.
13:35 of 3rd period - Stopped by Steve Mason without a rebound.
13:36 of 3rd period - Matthew Lombardi wins face-off versus Marcel Goc in Avalanche zone.
13:49 of 3rd period - Shot by Mike Comrie.
13:49 of 3rd period - Shot Misses the Net.
14:39 of 3rd period - Minor Penalty to Matthew Lombardi for Tripping.
14:40 of 3rd period - Daymond Langkow wins face-off versus Tyler Bozak in Blues zone.
14:46 of 3rd period - Minor Penalty to Alexander Frolov for Cross-checking.
14:47 of 3rd period - Vaclav Prospal wins face-off versus Daymond Langkow in Blues zone.
15:00 of 3rd period - Shot by Mike Knuble.
15:00 of 3rd period - Stopped by Jonathan Quick without a rebound.
15:01 of 3rd period - Tyler Bozak wins face-off versus Daymond Langkow in Blues zone.
15:08 of 3rd period - Shot by Wojtek Wolski.
15:08 of 3rd period - Stopped by Jonathan Quick with a rebound.
15:12 of 3rd period - Shot by Kyle Quincey.
15:12 of 3rd period - Stopped by Jonathan Quick with a rebound.
15:14 of 3rd period - Shot by Brian Gionta.
15:14 of 3rd period - Deflect By Wojtek Wolski.
15:14 of 3rd period - Stopped by Jonathan Quick without a rebound.
15:15 of 3rd period - Saku Koivu wins face-off versus Vaclav Prospal in Blues zone.
16:12 of 3rd period - Icing by Brian Gionta.
16:13 of 3rd period - Tyler Bozak wins face-off versus Saku Koivu in Avalanche zone.
16:36 of 3rd period - Icing by Kyle Quincey.
16:37 of 3rd period - Tyler Bozak wins face-off versus Saku Koivu in Avalanche zone.
16:58 of 3rd period - Shot by Chris Kunitz.
16:58 of 3rd period - Shot Misses the Net.
17:53 of 3rd period - Shot by Troy Brouwer.
17:53 of 3rd period - Shot Misses the Net.
17:57 of 3rd period - Shot by Troy Brouwer.
17:57 of 3rd period - Stopped by Jonathan Quick without a rebound.
17:58 of 3rd period - Vaclav Prospal wins face-off versus Matthew Lombardi in Blues zone.
18:15 of 3rd period - Shot by Jamie Langenbrunner.
18:15 of 3rd period - Shot Blocked by Mike Knuble.
18:27 of 3rd period - Shot by Chris Kunitz.
18:27 of 3rd period - Stopped by Steve Mason without a rebound.
18:28 of 3rd period - Jussi Jokinen wins face-off versus Tyler Bozak in Avalanche zone.
18:29 of 3rd period - Shot by Kristian Huselius.
18:29 of 3rd period - Stopped by Steve Mason with a rebound.
18:39 of 3rd period - Shot by Kristian Huselius.
18:39 of 3rd period - Shot Misses the Net.
18:41 of 3rd period - Shot by Kristian Huselius.
18:41 of 3rd period - Stopped by Steve Mason without a rebound.
18:42 of 3rd period - Kris Versteeg wins face-off versus Matthew Lombardi in Avalanche zone.
19:08 of 3rd period - Avalanche, Steve Mason is pulled from the net.
19:33 of 3rd period - Icing by Jay McKee.
19:34 of 3rd period - Jussi Jokinen wins face-off versus Todd White in Blues zone.
19:50 of 3rd period - Kris Versteeg is hit by Jay McKee and loses puck.


Output by the SimonT Hockey Simulator (STHS) for Stephane Roy -- Original Page W3C XHTML 1.0 Valid